 Dungeon Crawl Stone Soup version 0.22.1-1-ga44c0e56f4 (webtiles) character file.

193 username5893471 the Slasher (level 5, -2/49 HPs)
             Began as a Naga Fighter on Oct 18, 2018.
             Slain by a phantom (7 damage)
             ... on level 3 of the Dungeon.
             The game lasted 00:04:18 (2554 turns).

username5893471 the Slasher (Naga Fighter)          Turns: 2554, Time: 00:04:19

Health: -2/49      AC:  5    Str: 19    XL:     5   Next: 72%
Magic:  5/5        EV:  5    Int:  8    God:
Gold:   185        SH:  9    Dex: 11    Spells: 4/4 levels left

rFire    . . .     SeeInvis +   a - +1 long sword
rCold    . . .     Gourm    .   c - +0 shield
rNeg     . . .     Faith    .   b - +0 scale mail
rPois    +         Spirit   .   (no helmet)
rElec    .         Reflect  .   (no cloak)
rCorr    .         Harm     .   (no gloves)
MR       .....                  (no barding)
Stlth    ..........             (no amulet)
HPRegen  0.16/turn              (no ring)
MPRegen  0.09/turn              (no ring)

@: short of breath, very slow
A: large, see invisible, deformed body, poison resistance, slowness 2, slow
metabolism 1, spit poison 1, AC +1
a: Spit Poison


You were on level 3 of the Dungeon.
You were hungry.

You visited 1 branch of the dungeon, and saw 3 of its levels.

You collected 185 gold pieces.

Inventory:

Hand Weapons
 a - a +1 long sword (weapon)
Armour
 b - a +0 scale mail (worn)
 c - a +0 shield (worn)
Scrolls
 e - a scroll of identify
 g - a scroll of enchant weapon
 l - a scroll of amnesia {unknown}
Potions
 d - a potion of might
 h - a potion of curing
 i - a potion of agility
 j - a potion of cancellation
Comestibles
 f - 7 rations


   Skills:
 * Level 3.4 Fighting
 * Level 4.3 Long Blades
 * Level 3.0 Armour
 * Level 0.3 Dodging
 * Level 3.0 Shields


You had 4 spell levels left.
You didn't know any spells.
Your spell library was empty.

Dungeon Overview and Level Annotations

Branches:
Dungeon (3/15)

Altars:
Nemelex Xobeh
Vehumet
Yredelemnul


Innate Abilities, Weirdness & Mutations

You cannot wear boots.
Your serpentine skin is tough. (AC +1)
You have supernaturally acute eyesight. (SInv)
Armour fits poorly on your strangely shaped body.
Your system is resistant to poisons. (rPois)
You cover ground very slowly.
You have a slow metabolism.
You can spit poison.


Message History

The worm is heavily wounded.
You barely miss the worm.
The worm is heavily wounded.
The phantom blinks!
The worm bites you.
* * * LOW HITPOINT WARNING * * *
You hit the worm.
The worm is almost dead.
The worm bites you.
* * * LOW HITPOINT WARNING * * *
You slash the worm!
You kill the worm!
The phantom hits you.
* * * LOW HITPOINT WARNING * * *
You see here a worm corpse.
Press: ? - help, Shift-Dir - straight line, f - phantom
Aim: a phantom (lightly damaged)
The splash of poison hits the phantom.
The phantom appears unharmed.
The phantom is lightly damaged.
You feel slightly more hungry. The phantom hits you!
You die...

#............# ..#
##........#.#.## #.#
.............#..## ...
####.....?.....[.# #.#
####..###.#.##.# #.#
#..###......##.###<#
#...................
###W#######.###.##.#
#@# ..# #.# ####.####
#.. ##....)..# #.####
#........# #.....
#..##.#..# #####.
#..#..#..# #.
#..#.##..# ######.
#........# #...##.
#.(.....########...##.


You could see a phantom.

Vanquished Creatures
  An ogre (D:3)
  3 adders
  An ooze (D:2)
  A worm (D:3)
  2 leopard geckos
  An orc (D:3)
  A ball python (D:2)
  4 bats (D:1)
  5 giant cockroaches
  9 goblins
  11 hobgoblins
  6 jackals
  A quokka (D:2)
  7 frilled lizards
  8 kobolds
  4 rats
65 creatures vanquished.

Notes
Turn   | Place    | Note
-------+----------+-------------------------------------------
     0 | D:1      | username5893471 the Naga Fighter began the quest for the
                  | Orb.
     0 | D:1      | Reached XP level 1. HP: 21/21 MP: 1/1
   388 | D:1      | Reached XP level 2. HP: 28/28 MP: 2/2
   880 | D:1      | Reached XP level 3. HP: 34/34 MP: 3/3
  1407 | D:1      | Reached skill level 3 in Long Blades
  1777 | D:2      | Reached XP level 4. HP: 42/42 MP: 4/4
  2088 | D:2      | Found a radiant altar of Vehumet.
  2088 | D:2      | Found a sparkling altar of Nemelex Xobeh.
  2236 | D:3      | Noticed an ogre
  2259 | D:3      | Killed an ogre
  2259 | D:3      | Reached skill level 4 in Long Blades
  2259 | D:3      | Reached XP level 5. HP: 28/49 MP: 5/5
  2505 | D:3      | Found a basalt altar of Yredelemnul.
  2505 | D:3      | Noticed a phantom
  2554 | D:3      | Slain by a phantom

Skill      XL: |  1  2  3  4 |
---------------+-------------+-----
Long Blades    | 3 4 |  4.3
Armour         | 3 |  3.0
Shields        | 3 |  3.0
Fighting       | |  3.4
Dodging        | |  0.3

Action                   |  1- 3 |  4- 6 || total
-------------------------+-------+-------++-------
Melee: Long sword        |    99 |    98 ||   197
 Abil: Spit Poison       |     7 |     4 ||    11
  Use: Scroll            |       |     5 ||     5
       Potion            |       |     1 ||     1
  Eat: Chunk             |     2 |     2 ||     4
Armor: Scale mail        |    57 |    48 ||   105
Dodge: Dodged            |    22 |    12 ||    34
Block: Shield            |    57 |    54 ||   111
       Rpst.: Long sword |     9 |     4 ||    13
